 Dungeon Crawl Stone Soup version 0.24.1-5-g77f818bfca (webtiles) character file.

Game seed: 18350837262909593683, levelgen mode: deterministic

269199 jinete the Impregnable (level 19, -1/189 HPs)
             Began as a Minotaur Berserker on Apr 22, 2020.
             Was the Champion of Trog.
             Killed from afar by a frost giant (20 damage)
             ... with a bolt of cold
             ... on level 3 of the Shoals on Apr 24, 2020.
             The game lasted 09:33:38 (48981 turns).

jinete the Impregnable (Minotaur Berserker)        Turns: 48981, Time: 09:33:38

Health: -1/189     AC: 42    Str: 32    XL:     19   Next: 78%
Magic:  21/21      EV: 10    Int:  8    God:    Trog [******]
Gold:   1608       SH:  6    Dex: 16    Spells: 18/18 levels left

rFire    . . .     SeeInvis .   M - +4 hand axe (drain)
rCold    . . .     Gourm    .   m - +0 buckler
rNeg     . . .     Faith    .   v - +4 crystal plate armour
rPois    .         Spirit   .   b - +2 hat
rElec    .         Reflect  .   D - +1 cloak {MR+}
rCorr    .         Harm     .   Y - +1 pair of gloves {archery}
MR       +++++                  L - +1 pair of boots
Stlth    ..........             i - amulet of regeneration
HPRegen  1.81/turn              q - +4 ring of strength
MPRegen  0.17/turn              G - ring of Qacsyst {MR+ Int+4 Dex+4}

@: lethally poisoned (-1 -> -2), engulfed (cannot breathe), regenerating,
studying 4 skills, very slow
A: retaliatory headbutt, horns 2
}: 1/15 runes: gossamer
a: Berserk, Trog's Hand, Brothers in Arms, Renounce Religion


You were on level 3 of the Shoals.
You worshipped Trog.
Trog was exalted by your worship.
You were hungry.

You visited 6 branches of the dungeon, and saw 34 of its levels.
You visited the Abyss 1 time.
You also visited: Trove and Wizlab.

You collected 4147 gold pieces.
You spent 2539 gold pieces at shops.

Inventory:

Hand Weapons
 a - the +4 hand axe of the Forgotten Nights {venom, rC+}
   (You found it on level 5 of the Lair of Beasts)

   It poisons the flesh of those it strikes.
   It protects you from cold.
 w - a +4 antimagic hand axe
 M - a +4 hand axe of draining (weapon)
 N - a +5 demon whip of flaming
 O - the +3 scimitar "Zyehaev" {holy, rC+ Str+4}
   (You took it off an orc wizard on level 10 of the Dungeon)

   It has been blessed by the Shining One to cause great damage to the undead
   and demons.
   It affects your strength (+4).
   It protects you from cold.
 P - a +6 vampiric quarterstaff
Missiles
 R - 5 silver boomerangs
 W - 12 javelins (quivered)
Armour
 b - a +2 hat (worn)
 m - a +0 buckler (worn)
 v - a +4 crystal plate armour (worn)
 D - a +1 cloak of magic resistance (worn)
 L - a +1 pair of boots (worn)
 Y - a +1 pair of gloves of archery (worn)
Jewellery
 i - an amulet of regeneration (around neck)
 q - a +4 ring of strength (left hand)
 t - an uncursed ring of protection from fire
 x - an uncursed ring of ice
 C - an uncursed ring of poison resistance
 G - the ring of Qacsyst (right hand) {MR+ Int+4 Dex+4}
   (You found it on level 4 of the Vaults)

   [ring of protection from magic]

   It affects your intelligence (+4).
   It affects your dexterity (+4).
   It affects your resistance to hostile enchantments.
 X - the ring "Ygaett" {+Fly rC++ rN+ Str+4 Slay-3}
   (You found it on level 4 of the Vaults)

   [ring of strength]

   It affects your strength (+4).
   It affects your accuracy and damage with ranged weapons and melee attacks
   (-3).
   It greatly protects you from cold.
   It protects you from negative energy.
   It lets you fly.
Wands
 K - a wand of paralysis (23)
 S - a wand of disintegration (8)
Scrolls
 d - 9 scrolls of enchant weapon
 e - 11 scrolls of remove curse
 g - 3 scrolls of blinking
 h - 9 scrolls of teleportation
 o - 5 scrolls of fear
 p - 2 scrolls of enchant armour
 s - 6 scrolls of fog
 y - 5 scrolls of magic mapping
 J - 12 scrolls of identify
 Q - a scroll of acquirement
Potions
 f - 10 potions of flight
 l - 13 potions of curing
 n - 2 potions of heal wounds
 r - 3 potions of haste
 u - 4 potions of might
 z - a potion of resistance
 B - 3 potions of brilliance
 H - 4 potions of ambrosia
 I - 8 potions of agility
 T - 8 potions of lignification
 U - 6 potions of cancellation
 V - 3 potions of invisibility
Books
 j - a manual of
Armour
 k - a manual of Axes
 E - a manual of Evocations
 F - a manual of Dodging
Miscellaneous
 A - a phial of floods
 Z - a lightning rod (4/4)
Comestibles
 c - 25 rations


   Skills:
 + Level 21.0 Fighting
 + Level 16.2 Long Blades
 + Level 16.2(16.4) Axes
 + Level 4.8(15.4) Maces & Flails
 + Level 16.3(16.6) Staves
 + Level 2.8 Throwing
 + Level 21.4 Armour
 + Level 3.7 Dodging
 + Level 3.1 Stealth
 + Level 8.1 Shields
 + Level 4.4 Evocations


You had 18 spell levels left.
You didn't know any spells.
Your spell library contained the following spells:

 Spells                   Type           Power        Failure   Level  Hunger
 Animate Skeleton         Necr           N/A          98%         1    ##.....
 Apportation              Tloc           #.....       98%         1    ##.....
 Confusing Touch          Hex            #.....       98%         1    ##.....
 Summon Small Mammal      Summ           #...         98%         1    ##.....
 Blink                    Tloc           N/A          99%         2    ###....
 Shroud of Golubria       Chrm/Tloc      #.....       99%         2    ###....
 Gell's Gravitas          Tloc           #.........   100%        3    ####...
 Lesser Beckoning         Tloc           #.........   100%        3    ####...
 Recall                   Summ/Tloc      N/A          100%        3    ####...
 Teleport Other           Tloc           #.......     100%        3    ####...
 Animate Dead             Necr           N/A          100%        4    #####..
 Passage of Golubria      Tloc           N/A          100%        4    #####..
 Borgnjor's Vile Clutch   Necr/Erth      #.........   100%        5    ######.
 Death Channel            Necr           #.........   100%        6    #######
 Simulacrum               Ice/Necr       #.........   100%        6    #######


Dungeon Overview and Level Annotations

Branches:
Dungeon (15/15)            Temple (0/1) D:4            Lair (6/6) D:8
 Shoals (3/4) Lair:4       Spider (4/4) Lair:3        Slime (0/5) Lair:6
    Orc (2/2) D:11            Elf (0/3) Orc:2        Vaults (4/5) D:13
  Crypt (0/3) Vaults:2     Depths (0/5) D:15         WizLab (visited)

Altars:
Kikubaaqudgha
Qazlal
Uskayaw
Yredelemnul
Beogh

Shops:
D:11 ![*=   D:15 =   Orc:2 (=[*   Vaults:1 =

Annotations:
Lair:6 exclusion: oklob plant


Innate Abilities, Weirdness & Mutations

You reflexively headbutt those who attack you in melee.
You have a pair of horns on your head.


Message History

Unknown command.
Okay, then.
You cannot read scrolls while unable to breathe!
You feel much better.
You are engulfed in freezing vapours.
* * * LOW HITPOINT WARNING * * *
x2 Your lungs strain for air!
You feel sick. You block the merfolk's attack.
You block the water elemental's attack. The faun hits you but does no damage.
The merfolk hits you but does no damage.
You feel much better.
You are engulfed in freezing vapours.
* * * LOW HITPOINT WARNING * * *
Your lungs strain for air!
You feel sick.
The merfolk hits you from afar with a +0 trident.
* * * LOW HITPOINT WARNING * * *
The faun closely misses you. The water elemental hits you.
The merfolk hits you but does no damage.
The frost giant casts a spell at you. The bolt of cold hits you!!
You die...

..... ...≈≈≈≈≈≈≈≈ .......
...≈≈≈≈≈≈≈≈≈ ≈......)#
c..≈≈≈≈≈≈≈≈≈≈ ≈........#
###....≈≈≈≈≈≈≈≈≈≈
≈........####..# #.≈≈≈≈≈≈≈≈≈≈.
≈≈..≈≈.....$...# #.≈≈≈≈≈≈≈≈≈≈.
≈≈............c###m≈≈≈≈≈≈≈≈≈..
≈≈≈..........≈mE@°≈≈≈≈≈≈≈≈≈≈≈.
≈≈≈≈≈..≈...#######°C≈≈≈≈≈≈≈≈≈.
≈≈≈≈≈≈...### 8###≈.≈≈≈≈≈≈≈≈
≈≈≈≈≈...## ≈≈≈##..≈≈≈≈≈≈≈
≈≈≈≈≈≈≈## ≈≈≈##...≈≈≈≈≈
≈≈≈≈≈≈≈# #≈≈ #...≈≈≈≈≈
≈≈≈≈≈≈≈# #≈≈ #...≈≈≈≈≈
≈≈≈≈≈≈≈# #≈≈ #...≈≈≈≈≈
≈≈≈≈≈≈≈# #≈≈##...≈≈≈≈≈


You could see a frost giant, 2 merfolk, a faun and a water elemental.

Vanquished Creatures
  Bai Suzhen (Vaults:2)
  Margery (Vaults:4)
  The ghost of Xaithaf the Convoker, a veteran MfSu of Ashenzari (Vaults:4)
  Arachne (Spider:4)
  Polyphemus (Shoals:2)
  Kirke (Spider:4)
  Ilsuiw (Shoals:2)
  11 vault wardens
  5 ghost moths
  2 fire giants
  Louise (D:14)
  7 emperor scorpions
  Aizul (Spider:4)
  An orc warlord (Orc:2)
  12 ironheart preservers
  8 stone giants
  2 entropy weavers
  2 crystal guardians
  4 fire dragons
  6 ogre magi
  An ettin (Vaults:4)
  5 yaktaur captains
  5 merfolk impalers
  2 great orbs of eyes
  2 ice dragons
  8 hydras
  11 vault guards
  11 centaur warriors
  A merfolk avatar (Lair:6)
  23 two-headed ogres
  2 catoblepae
  A death knight (D:11)
  2 merfolk aquamancers
  5 deep troll shamans
  12 death yaks
  A satyr (Shoals:3)
  An orc high priest (Orc:2)
  A thrashing horror (Abyss:1)
  A deep troll earth mage (Vaults:3)
  Urug (Lair:3)
  6 hell knights (Vaults:4)
  Sonja (Lair:3)
  3 deep elf knights (Vaults:2)
  A wretched star (Abyss:1)
  13 deep trolls
  2 wizards
  6 skeletal warriors
  A flayed ghost (Vaults:4)
  An unseen horror (shapeshifter) (D:13)
  10 sea snakes
  A deep elf archer (Vaults:4)
  A glowing orange brain (Vaults:2)
  19 harpies
  10 orc knights
  11 ironbrand convokers
  A necromancer (Vaults:4)
  13 orb spiders
  7 deep elf magi
  7 manticores
  3 orc sorcerers (Orc:2)
  23 wolf spiders
  A manticore (shapeshifter) (Vaults:3)
  10 cyclopes
  A worldbinder (Abyss:1)
  4 fauns (Shoals:3)
  15 ugly things
  8 elephants
  6 merfolk sirens
  2 moths of wrath (Spider:3)
  3 centaur zombies
  2 black mambas
  A guardian serpent (shapeshifter) (Vaults:3)
  6 vault sentinels
  5 water nymphs
  2 torpor snails
  16 spiny frogs
  2 smoke demons
  6 kobold demonologists
  5 freezing wraiths
  10 komodo dragons
  An efreet (D:10)
  A rime drake (Lair:3)
  17 yaktaurs
  8 demonic crawlers
  A tengu conjurer (D:12)
  6 trolls
  3 meliai (Spider:4)
  4 polar bears
  24 jumping spiders
  16 merfolk
  Prince Ribbit (D:7)
  11 hornets
  10 dream sheep
  6 wind drakes
  Grinder (D:3)
  10 hippogriffs
  18 blink frogs
  14 slime creatures
  A human simulacrum (Vaults:3)
  A large abomination (Abyss:1)
  2 air elementals
  8 snapping turtles
  56 redbacks
  A redback (shapeshifter) (Vaults:4)
  7 water elementals
  8 wyverns
  15 tarantellas
  3 wraiths
  2 vampires
  A basilisk (shapeshifter) (Vaults:2)
  5 hogs
  A human (shapeshifter) (Vaults:3)
  A ynoxinul (Abyss:1)
  4 basilisks
  36 yaks
  10 humans
  A steam dragon (D:13)
  3 hungry ghosts
  A warg (Orc:1)
  4 acid dragons
  5 porcupines
  39 orc warriors
  9 water moccasins
  8 black bears (D:10)
  3 ice beasts
  A sky beast (D:5)
  2 eyes of draining
  A necrophage (D:6)
  17 ogres
  A phantom (D:4)
  4 boggarts (Vaults:1)
  8 wolves
  18 centaurs
  14 crocodiles
  12 big kobolds
  An earth elemental (D:12)
  20 bullfrogs
  A wyvern zombie (D:6)
  A gnoll sergeant (D:11)
  A wyvern skeleton (D:11)
  2 small abominations (Abyss:1)
  A scorpion (D:11)
  4 killer bees (D:9)
  11 wights
  A howler monkey (D:7)
  9 electric eels
  6 crimson imps
  5 hounds
  A quasit (D:12)
  3 bullfrog zombies
  16 orc priests
  Crazy Yiuf (D:7)
  A bullfrog skeleton (D:13)
  5 centaur skeletons
  A gnoll shaman (D:10)
  3 iguanas
  42 orc wizards
  14 worker ants
  A killer bee zombie (D:7)
  3 hound skeletons
  2 hound zombies
  2 worker ant zombies
  11 gnolls
  A howler monkey skeleton (D:11)
  8 adders
  2 shadow imps
  An ufetubus (Abyss:1)
  2 oozes (D:3)
  An adder zombie (D:5)
  3 adder skeletons
  3 worms
  6 leopard geckos
  128 orcs
  A ball python (D:2)
  5 bats
  3 giant cockroaches
  3 goblins
  8 hobgoblins
  10 jackals
  4 quokkas
  4 frilled lizards
  37 kobolds
  2 rats
  3 fungi
  11 plants
1290 creatures vanquished.

Vanquished Creatures (others)
  An orb spider (Spider:4)
  A jumping spider (Spider:4)
  A hornet (shapeshifter) (Vaults:3)
  A fire elemental (D:12)
  4 humans (Spider:4)
  A boggart (Vaults:1)
  An electric eel (D:10)
  A shadow imp (D:12)
  7 bushes (Lair:6)
  16 fungi
  17 plants
51 creatures vanquished.

Grand Total: 1341 creatures vanquished

Notes
Turn   | Place    | Note
-------+----------+-------------------------------------------
     0 | D:1      | jinete the Minotaur Berserker began the quest for the Orb.
     0 | D:1      | Reached XP level 1. HP: 19/19 MP: 0/0
   367 | D:1      | Reached XP level 2. HP: 27/27 MP: 1/1
   788 | D:2      | Reached XP level 3. HP: 34/34 MP: 2/2
  1474 | D:3      | Reached XP level 4. HP: 41/41 MP: 3/3
  1492 | D:3      | Found a stormy altar of Qazlal.
  1627 | D:3      | Reached ** piety under Trog
  1798 | D:3      | Reached skill level 5 in Axes
  1855 | D:3      | Noticed Grinder
  1868 | D:3      | Paralysed by Grinder for 4 turns
  1874 | D:3      | HP: 2/61 [Grinder (6)]
  2016 | D:3      | Found a faded altar of an unknown god.
  2349 | D:3      | Paralysed by Grinder for 5 turns
  2360 | D:3      | Paralysed by Grinder for 4 turns
  2382 | D:3      | Killed Grinder
  2382 | D:3      | Reached skill level 5 in Fighting
  2382 | D:3      | Reached XP level 5. HP: 13/48 MP: 4/4
  2382 | D:3      | Reached XP level 6. HP: 15/56 MP: 5/5
  2859 | D:4      | You fall into a shaft and drop 2 floors!
  2875 | D:6      | Reached XP level 7. HP: 45/62 MP: 6/6
  2882 | D:6      | Reached skill level 5 in Armour
  2904 | D:5      | Entered Level 5 of the Dungeon
  2994 | D:4      | Found a staircase to the Ecumenical Temple.
  3905 | D:5      | Reached XP level 8. HP: 63/71 MP: 7/7
  4705 | D:6      | Reached *** piety under Trog
  5609 | D:7      | Noticed Prince Ribbit
  5617 | D:7      | Killed Prince Ribbit
  5658 | D:7      | Reached XP level 9. HP: 79/79 MP: 8/8
  5871 | D:7      | Reached skill level 10 in Axes
  5875 | D:7      | Reached skill level 1 in Maces & Flails
  5919 | D:7      | Found a runed translucent door.
  5920 | D:7      | Noticed Crazy Yiuf
  5928 | D:7      | Killed Crazy Yiuf
  6473 | D:8      | Reached skill level 1 in Staves
  6526 | D:8      | Noticed an elephant
  6541 | D:8      | Killed an elephant
  6558 | D:8      | Found a staircase to the Lair.
  6568 | D:8      | You fall into a shaft and drop 2 floors!
  6568 | D:10     | Entered Level 10 of the Dungeon
  6570 | D:10     | Noticed a troll
  6579 | D:10     | Killed a troll
  6579 | D:10     | Reached skill level 5 in Staves
  6588 | D:10     | Reached **** piety under Trog
  6588 | D:10     | Reached XP level 10. HP: 90/90 MP: 9/9
  6862 | D:10     | Reached skill level 1 in Stealth
  7283 | D:11     | Found Hisyhayng's Distillery.
  7324 | D:11     | Noticed a two-headed ogre
  7334 | D:11     | Killed a two-headed ogre
  7334 | D:11     | Reached skill level 10 in Armour
  7387 | D:11     | Bought a potion of might for 68 gold pieces
  7387 | D:11     | Bought a potion of flight for 51 gold pieces
  7387 | D:11     | Bought a potion of heal wounds for 85 gold pieces
  7387 | D:11     | Bought a potion of degeneration for 17 gold pieces
  7476 | D:11     | Noticed a five-headed hydra
  7496 | D:11     | Killed a five-headed hydra
  7496 | D:11     | Reached skill level 10 in Staves
  7559 | D:11     | Noticed a death knight
  7559 | D:11     | Noticed a skeletal warrior
  7579 | D:11     | Reached XP level 11. HP: 97/97 MP: 10/10
  7587 | D:11     | Killed a death knight
  7587 | D:11     | Reached skill level 1 in Throwing
  7627 | D:11     | Killed a skeletal warrior
  7916 | D:11     | Reached skill level 10 in Fighting
  7923 | D:11     | Found a roughly hewn altar of Beogh.
  7923 | D:11     | Found a staircase to the Orcish Mines.
  7959 | D:11     | Reached ***** piety under Trog
  8508 | D:10     | Identified the cursed +3 scimitar "Zyehaev" {holy, rC+
                  | Str+4}
  8528 | D:10     | Reached skill level 1 in Long Blades
  9255 | D:10     | Paralysed by a hornet for 1 turns
  9314 | D:10     | Reached skill level 5 in Long Blades
  9580 | D:10     | Found a hide-covered altar of Uskayaw.
  9886 | D:9      | Reached XP level 12. HP: 101/108 MP: 11/11
 10261 | D:9      | Noticed a two-headed ogre
 10265 | D:9      | Killed a two-headed ogre
 11083 | D:8      | Found a runed translucent door.
 11212 | D:8      | Found a roughly hewn altar of Beogh.
 11698 | Lair:1   | Entered Level 1 of the Lair of Beasts
 13398 | Lair:3   | Found a hole to the Spider Nest.
 13524 | Lair:3   | Noticed Sonja
 13613 | Lair:3   | You fall into a shaft and drop 2 floors!
 13672 | Lair:5   | Reached skill level 10 in Long Blades
 13893 | Lair:5   | Got a jewelled hand axe
 13894 | Lair:5   | Identified the +4 hand axe of the Forgotten Nights {venom,
                  | rC+} (You found it on level 5 of the Lair of Beasts)
 13999 | Lair:5   | Noticed a catoblepas
 14027 | Lair:5   | Killed a catoblepas
 14106 | Lair:5   | Noticed an eight-headed hydra
 14116 | Lair:5   | Killed a four-headed hydra
 14223 | Lair:5   | Reached XP level 13. HP: 103/118 MP: 12/12
 15039 | Lair:4   | Found a staircase to the Shoals.
 15559 | Lair:3   | Cast into level 1 of the Abyss (Sonja)
 15571 | Abyss:1  | Found a corrupted altar of Lugonu.
 15616 | Abyss:1  | Found a transporter.
 15618 | Abyss:1  | Noticed a starcursed mass
 15620 | Abyss:1  | Found a corrupted altar of Lugonu.
 15620 | Abyss:1  | Noticed a tentacled starspawn
 15620 | Abyss:1  | Noticed a starcursed mass
 15620 | Abyss:1  | Noticed a tentacled starspawn
 15620 | Abyss:1  | Noticed a starcursed mass
 15622 | Abyss:1  | Noticed a bone dragon
 15624 | Abyss:1  | Noticed a lich
 15667 | Abyss:1  | Noticed a black draconian knight
 15938 | Abyss:1  | Noticed a starcursed mass
 16108 | Lair:3   | Escaped the Abyss
 16412 | Lair:3   | Noticed Urug
 16421 | Lair:3   | Killed Urug
 16491 | Lair:3   | Killed Sonja
 17347 | Lair:6   | Entered Level 6 of the Lair of Beasts
 17445 | Lair:6   | Received a gift from Trog
 17572 | Lair:6   | Found a staircase to the Slime Pits.
 17617 | Lair:6   | Reached XP level 14. HP: 122/129 MP: 4/13
 19400 | Spider:1 | Entered Level 1 of the Spider Nest
 19425 | Spider:1 | Reached skill level 15 in Armour
 19611 | Spider:1 | Got a polished chain mail
 19668 | Spider:1 | Identified the cursed +1 chain mail of the Little Devil
                  | {rElec MR+} (You found it on level 1 of the Spider Nest)
 20019 | Spider:2 | Received a gift from Trog
 20306 | Spider:2 | Noticed an entropy weaver
 20313 | Spider:2 | Paralysed by a hornet for 1 turns
 20335 | Spider:2 | Killed an entropy weaver
 21180 | Spider:3 | Noticed an emperor scorpion
 21200 | Spider:3 | Killed an emperor scorpion
 21200 | Spider:3 | Reached XP level 15. HP: 139/139 MP: 4/14
 21410 | Spider:3 | Reached skill level 15 in Fighting
 21469 | Spider:3 | Killed a ghost moth
 21587 | Spider:3 | Reached skill level 1 in Evocations
 21892 | Spider:3 | Reached ****** piety under Trog
 22480 | Spider:4 | Entered Level 4 of the Spider Nest
 22480 | Spider:4 | Noticed Arachne
 22521 | Spider:4 | Killed Arachne
 22683 | Spider:4 | Received a gift from Trog
 22696 | Spider:4 | Reached skill level 15 in Staves
 22910 | Spider:4 | Noticed Aizul
 22927 | Spider:4 | Killed Aizul
 23213 | Spider:4 | Noticed Kirke
 23228 | Spider:4 | Killed Kirke
 23479 | Spider:4 | Received a gift from Trog
 23525 | Spider:4 | Killed a ghost moth
 24432 | Spider:4 | Killed a ghost moth
 24589 | Spider:4 | Killed a ghost moth
 24706 | Spider:4 | Reached XP level 16. HP: 152/152 MP: 5/16
 24818 | Spider:4 | Got a gossamer rune of Zot
 25553 | Shoals:1 | Entered Level 1 of the Shoals
 26880 | Shoals:2 | Noticed Ilsuiw
 27150 | D:11     | Bought a potion of brilliance for 68 gold pieces
 27150 | D:11     | Bought a potion of heal wounds for 85 gold pieces
 27150 | D:11     | Bought a potion of flight for 51 gold pieces
 27201 | D:11     | Found Zoshrovu's Assorted Antiques.
 27203 | D:11     | Received a gift from Trog
 27220 | D:11     | Bought a wand of disintegration (13) for 116 gold pieces
 27220 | D:11     | Bought a scroll of teleportation for 87 gold pieces
 27645 | D:11     | Found Mistaf's Antique Armour Shoppe.
 27653 | D:11     | Bought a pair of gloves for 112 gold pieces
 27653 | D:11     | Bought a buckler for 112 gold pieces
 27795 | D:11     | Found Usazaozamn's Jewellery Shop.
 28092 | Orc:1    | Entered Level 1 of the Orcish Mines
 28344 | Orc:2    | Entered Level 2 of the Orcish Mines
 29160 | Orc:2    | Received a gift from Trog
 29562 | Orc:2    | Found a roughly hewn altar of Beogh.
 29682 | Orc:2    | Found Yclimne's General Store.
 29750 | Orc:2    | Found Gaways's Jewellery Shoppe.
 29774 | Orc:2    | Found Lessaygy's Antique Weapon Shoppe.
 29800 | Orc:2    | Found Xetufora's Antique Armour Shoppe.
 29849 | Orc:2    | Bought a runed cloak for 195 gold pieces
 29859 | Orc:2    | Bought a glowing cloak for 195 gold pieces
 29900 | Orc:2    | Bought a scroll of enchant armour for 75 gold pieces
 29900 | Orc:2    | Bought a potion of flight for 30 gold pieces
 29963 | Orc:2    | Found a staircase to the Elven Halls.
 30229 | Orc:2    | Bought a +1 pair of gloves of archery for 165 gold pieces
 31013 | D:12     | Found a large runed translucent door.
 31013 | D:12     | Found a large runed translucent door.
 31856 | D:13     | Received a gift from Trog
 32836 | D:13     | Found a gate to the Vaults.
 32990 | D:14     | Noticed Louise
 33007 | D:14     | Killed Louise
 33174 | D:14     | Reached XP level 17. HP: 163/163 MP: 18/18
 33262 | D:14     | Reached skill level 1 in Shields
 33597 | D:15     | Entered Level 15 of the Dungeon
 33763 | D:15     | Received a gift from Trog
 34381 | D:15     | Found Coam Sugg's Jewellery Boutique.
 34574 | D:15     | Reached skill level 15 in Long Blades
 34596 | D:15     | Found a staircase to the Depths.
 35233 | Vaults:1 | Entered Level 1 of the Vaults
 35290 | Vaults:1 | You fall into a shaft and drop 1 floor!
 35292 | Vaults:2 | Identified the Compendium of Conjuration and Air
 35571 | Vaults:2 | Found a magical portal.
 35607 | WizLab   | Entered Iskenderun's Mystic Tower
 35647 | Vaults:2 | Noticed Bai Suzhen
 35673 | Vaults:2 | Killed Bai Suzhen
 36460 | Vaults:1 | Received a gift from Trog
 36633 | Vaults:1 | Found Zasi's Jewellery Shop.
 38580 | Vaults:2 | Reached XP level 18. HP: 176/176 MP: 19/19
 38709 | Vaults:2 | Reached skill level 5 in Shields
 39072 | Vaults:2 | Found a staircase to the Crypt.
 39072 | Vaults:2 | Found a basalt altar of Yredelemnul.
 39072 | Vaults:2 | Found an ancient bone altar of Kikubaaqudgha.
 39347 | Vaults:2 | Received a gift from Trog
 40430 | Vaults:3 | Found a portal to a secret trove of treasure.
 40967 | Vaults:3 | Received a gift from Trog
 42786 | D:11     | Bought the amulet of Vitality {Regen+ HP+15} for 1027 gold
                  | pieces
 42786 | D:11     | Found the amulet of Vitality {Regen+ HP+15}
 43077 | Vaults:3 | You paid a toll of the amulet of Vitality to enter a
                  | treasure trove
 43078 | Trove    | Entered a treasure trove
 43865 | Vaults:4 | Reached XP level 19. HP: 172/185 MP: 20/20
 43914 | Vaults:4 | Received a gift from Trog
 44931 | Vaults:4 | Reached skill level 15 in Axes
 45228 | Vaults:4 | Noticed Margery
 45305 | Vaults:4 | Killed Margery
 45908 | Vaults:4 | Found a large runed translucent door.
 45908 | Vaults:4 | Found a large runed translucent door.
 45908 | Vaults:4 | Noticed Xaithaf's ghost (veteran MfSu)
 45947 | Vaults:4 | Killed Xaithaf's ghost
 46128 | Vaults:4 | Got a sparkling turquoise ring
 46131 | Vaults:4 | Got a vibrating iron ring
 46135 | Vaults:4 | Identified the ring of Qacsyst {MR+ Int+4 Dex+4} (You found
                  | it on level 4 of the Vaults)
 46137 | Vaults:4 | Identified the ring "Ygaett" {+Fly rC++ rN+ Str+4 Slay-3}
                  | (You found it on level 4 of the Vaults)
 46949 | Shoals:2 | Identified a scroll of acquirement
 47207 | Shoals:2 | Received a gift from Trog
 47235 | Shoals:2 | Noticed Polyphemus
 47309 | Shoals:2 | Killed Polyphemus
 48056 | Shoals:2 | Killed Ilsuiw
 48979 | Shoals:3 | HP: 9/189 [water elemental (6)]
 48980 | Shoals:3 | HP: 4/189 [drowned by a water elemental (7)]
 48981 | Shoals:3 | Killed from afar by a frost giant

Levels and vault maps discovered:
D:1:      giann_forest_graveyard, layout_rooms, serial_forest,
          infiniplex_forest_lined_corner, infiniplex_forest_clump_C,
          infiniplex_forest_clump_small, infiniplex_forest_clump_curved,
          infiniplex_forest_end_3, infiniplex_forest_straight_2,
          infiniplex_forest_zigzag_2, infiniplex_forest_end_3,
          infiniplex_forest_lined_3
D:2:      layout_loops_ring, serial_bayou_pond_e
D:3:      layout_basic, nicolae_qazlal_general_emergency,
          chequers_ecumenical_altar_twisty, minmay_starry_boxes, uniq_grinder
D:4:      layout_gridville, minmay_temple_entry_enclosed_plants, first_ration
D:5:      layout_loops_ring
D:6:      layout_rooms, kennysheep_opposing_triangles
D:7:      layout_basic, uniq_prince_ribbit1, uniq_crazy_yiuf_cottage
D:8:      layout_loops_ring, david_lair_generic, lightli_church_of_beogh
D:9:      layout_irregular_city
D:10:     kennysheep_town
D:11:     layout_long_grid, david_orc_5, serial_shops, shop, kennysheep_mini,
          shop, shop
D:12:     layout_irregular_city, grunt_tengu_nest, lightli_elemental_guards
D:13:     layout_grid_maze, ximxim_vaults_locker_room
D:14:     layout_rooms, minmay_misc_feat_tiny, uniq_louise
D:15:     grunt_enter_depths_hoard, layout_loops_corners, serial_shops, shop,
          serial_bayou_pond_a
Lair:1:   layout_chaotic_city, st_stairs_8
Lair:2:   layout_chaotic_city, chequers_serial_rivers_small_3
Lair:3:   layout_regular_city, spider_nest_entry_a,
          chequers_serial_rivers_small_3, serial_bayou_shore_b,
          serial_bayou_shore_b, infiniplex_staircase_pool_2, uniq_urug,
          uniq_sonja
Lair:4:   layout_loops_ring, minmay_shoals_entry_hut
Lair:5:   layout_roguey, fungi_pond_lemuel, lemuel_fruit_fields,
          grunt_megastairs_2
Lair:6:   gammafunk_lair_ancient_temple, layout_small_grid,
          dpeg_slime_entry_corner, chequers_serial_rivers_micro_c,
          minmay_hedge_maze
Shoals:1: layout_shoals, hangedman_shoals_cup_caves
Shoals:2: layout_shoals, uniq_ilsuiw, uniq_polyphemus
Shoals:3: layout_shoals, st_sunken_temple
Spider:1: layout_spider_delve
Spider:2: layout_spider_delve, drop_trap
Spider:3: mumra_spider_spiderweb
Spider:4: grunt_spider_rune_circles, uniq_arachne, uniq_aizul, uniq_kirke
Orc:1:    layout_caves, mines_bat_river
Orc:2:    grunt_orc_cross, layout_caves
Vaults:1: vaults_room_corners, grunt_vaults_bifocal, vaults_dpeg_cross,
          v_misc_4, v_misc_23, hangedman_vaults_restitches,
          grunt_vaults_diagonal, v_misc_10, vaults_mumra_minichess,
          nicolae_vaults_alarming, layout_vaults_omnigrid, serial_shops, shop
Vaults:2: nicolae_vaults_network_periphery, v_misc_15,
          nicolae_vaults_holding_cells, minmay_crypt_entry_necro_gods,
          nicolae_vaults_little_squares_4, v_misc_2,
          nicolae_vaults_ninety_degrees, v_misc_2, v_rooms_6,
          vaults_mumra_chevron, v_misc_25, nicolae_vaults_sealed_display,
          vaults_dpeg_hooks, layout_vaults_ring,
          infiniplex_enter_wizlab_glasses, uniq_bai_suzhen
Vaults:3: v_misc_29, v_pattern_1, ontoclasm_vaults_loading_screen,
          hangedman_vaults_stream, ontoclasm_vaults_ligature,
          nicolae_vaults_inception_scallops, v_misc_5,
          nicolae_vaults_network_quinsquares
          [nicolae_vaults_network_quincunx_subvault,
          nicolae_vaults_network_quincunx_subvault,
          nicolae_vaults_network_quincunx_subvault,
          nicolae_vaults_network_quincunx_subvault], v_misc_12,
          ontoclasm_vaults_decontamination, v_alt_pattern_3, v_misc_24,
          v_misc_8, vaults_room_pools, layout_vaults_maze_snakey,
          nicolae_trove_entry_columns
Vaults:4: advil_vaults_ghost_guards, nicolae_vaults_three_branches,
          nicolae_vaults_little_squares_2, vaults_room_door_ring,
          vaults_mumra_minichess_inversion, nicolae_vaults_shelves_hall,
          grunt_vaults_funnel, nicolae_vaults_hallways_thing,
          vaults_standard_mumra_enter_the_diamond, vaults_dpeg_encased_lava,
          st_more_cells, vaults_room_ringed_pool, layout_vaults_big_cross,
          uniq_margery

Skill      XL: |  1  2  3  4  5  6  7  8  9 10 11 12 13 14 15 16 17 18 19 |
---------------+----------------------------------------------------------+-----
Fighting       | 4 5 6 7 8 9 10 12 13 14 16 17 19 20 21 | 21.0
Axes           | 4 6 8 9 10 11 13 16 | 16.2
Armour         | 4 6 8 9 10 11 12 14 15 17 18 19 20 21 | 21.4
Dodging        | 3 |  3.7
Maces & Flails | 3 4 |  4.8
Staves         | 6 10 11 14 15 16 | 16.3
Stealth        | 2 3 |  3.1
Throwing       | 1 2 |  2.8
Long Blades    | 5 10 13 14 16 | 16.2
Evocations     | 2 3 4 |  4.4
Shields        | 4 6 8 |  8.1

Action                   |  1- 3 |  4- 6 |  7- 9 | 10-12 | 13-15 | 16-18 | 19-21 || total
-------------------------+-------+-------+-------+-------+-------+-------+-------++-------
Melee: Hand axe          |    47 |    88 |   181 |       |       |   993 |   655 ||  1964
       Headbutt          |     6 |    19 |    82 |   238 |   281 |   753 |   260 ||  1639
       Flail             |       |       |    39 |    26 |       |       |       ||    65
       Quarterstaff      |       |       |    63 |   239 |       |       |       ||   302
       Scimitar          |       |       |       |   442 |   285 |   908 |    26 ||  1661
       Long sword        |       |       |       |    31 |       |       |       ||    31
       Lajatang          |       |       |       |       |   798 |   217 |       ||  1015
       Demon whip        |       |       |       |       |       |       |    46 ||    46
Throw: Boomerang         |       |       |       |     3 |       |       |       ||     3
       Javelin           |       |       |       |     1 |     2 |    17 |     2 ||    22
Invok: Berserk           |       |     2 |     3 |     5 |    14 |     6 |     1 ||    31
       Trog's Hand       |       |     1 |     1 |       |     4 |     2 |     2 ||    10
Evoke: Wand              |       |       |       |       |    29 |    23 |    23 ||    75
  Use: Scroll            |     1 |     3 |     5 |    10 |    11 |    14 |     4 ||    48
       Potion            |       |     1 |     1 |       |     7 |     4 |     3 ||    16
 Stab: Confused          |       |       |       |     3 |       |       |       ||     3
       Paralysed         |       |       |       |     1 |     2 |       |       ||     3
  Eat: Chunk             |     1 |     1 |    12 |    29 |    13 |    36 |     2 ||    94
       Ration            |       |     2 |     1 |       |    11 |    10 |     5 ||    29
Armor: Animal skin       |     5 |       |       |       |       |       |       ||     5
       Ring mail         |     6 |    21 |     1 |       |       |       |       ||    28
       Crystal plate arm |       |       |   199 |   536 |  1068 |  1401 |   391 ||  3595
       Chain mail        |       |       |     2 |       |       |       |       ||     2
Dodge: Dodged            |    37 |    45 |   112 |   240 |   429 |   599 |   193 ||  1655
Block: Buckler           |       |       |       |       |       |   230 |   130 ||   360
       Rpst.: Scimitar   |       |       |       |    37 |    27 |    52 |     1 ||   117
       Long sword        |       |       |       |     7 |       |       |       ||     7
